Map: Ulrena

Players

MaSa

  • Race: Terran Terran

Snute - Winner!

  • Race: Zerg Zerg

Event: 2016 WCS Winter Circuit Championship

VOD

https://www.youtube.com/watch?v=_OhePO_shME

Description

Time

  • Played on: March 4, 2016, 6:36 a.m.
  • Length: 14:33

All games in this series

Show
View Real Time Build Order
Export as new Build Order

MaSa Terran 

Build Orders: Mech 

Get SALT Encoding   

  12  0:00  SCV  
  13  0:12  SCV  
  14  0:17  Supply Depot  
  14  0:25  SCV  
  15  0:39  SCV, Barracks  
  16  0:44  Refinery  
  16  0:51  SCV  
  17  1:03  SCV  
  18  1:15  SCV  
  19  1:26  Barracks Reactor  
  19  1:27  Orbital Command  
  19  1:43  Command Center  
  19  1:54  Supply Depot  
  19  1:55  SCV  
  20  2:02  Marine x2  
  20  2:07  SCV  
  23  2:15  Factory  
  23  2:19  SCV  
  23  2:20  Marine  
  25  2:24  Marine  
  25  2:28  Refinery  
  26  2:32  SCV  
  26  2:41  Marine  
  26  2:42  Marine  
  28  2:44  SCV  
  29  2:55  Orbital Command  
  30  2:58  SCV  
  30  3:00  Starport  
  30  3:02  Factory Tech Lab  
  30  3:07  Marine  
  30  3:11  Marine  
  30  3:12  SCV  
  33  3:17  Bunker  
  33  3:21  SCV  
  34  3:28  Siege Tank  
  34  3:31  SCV  
  37  3:38  SCV  
  37  3:40  Medivac  
  39  3:43  SCV  
  39  3:48  Supply Depot  
  40  3:49  Marine  
  40  3:50  SCV  
  40  3:55  Refinery, SCV  
  44  4:02  SCV  
  44  4:07  SCV  
  45  4:14  Command Center  
  45  4:15  Liberator, SCV  
  46  4:19  Liberator  
  46  4:21  SCV  
  47  4:25  Refinery  
  47  4:27  Supply Depot, SCV  
  54  4:46  Supply Depot  
  54  4:48  Siege Tank, SCV x2  
  59  4:53  Supply Depot  
  59  5:00  SCV x2  
  59  5:01  Liberator  
  59  5:03  Liberator  
  61  5:12  SCV x2  
  61  5:13  Supply Depot  
  69  5:25  SCV x2  
  71  5:30  Orbital Command  
  71  5:35  Siege Tank  
  74  5:38  SCV  
  75  5:43  SCV  
  76  5:51  SCV  
  76  5:55  SCV, Armory  
  78  6:03  SCV, Factory x2  
  79  6:07  Viking x2  
  79  6:10  Refinery x2  
  79  6:11  SCV  
  84  6:15  SCV  
  85  6:20  Siege Tank  
  85  6:21  Supply Depot  
  85  6:23  SCV  
  87  6:27  SCV  
  87  6:32  Orbital Command  
  88  6:33  Barracks Tech Lab  
  88  6:35  SCV  
  88  6:37  Medivac  
  88  6:39  SCV  
  89  6:41  Medivac  
  91  6:47  SCV  
  91  6:53  SCV  
  93  6:54  Liberator  
  93  6:59  SCV  
  94  7:07  Viking  
  93  7:10  SCV  
  93  7:14  Factory Reactor  
  93  7:15  Command Center  
  97  7:17  SCV  
  97  7:18  SCV  
  97  7:20  Refinery  
  97  7:21  Liberator, Refinery  
  99  7:27  SCV  
  100  7:33  SCV x2  
  100  7:34  Engineering Bay  
  99  7:40  SCV  
  98  7:47  SCV  
  98  7:48  Orbital Command  
  94  7:54  Orbital Command, Viking  
  94  7:57  SCV  
  92  8:00  SCV  
  92  8:01  Thor, Missile Turret  
  92  8:02  Hellion x2  
  103  8:09  Liberator, SCV  
  104  8:13  Liberator  
  104  8:18  Hellion, Armory  
  104  8:19  SCV  
  107  8:20  Missile Turret, SCV  
  107  8:21  SCV  
  107  8:25  Refinery  
  107  8:26  Hellion x2  
  107  8:27  Supply Depot  
  116  8:33  Terran Vehicle Weapons Level 1  
  119  8:36  Supply Depot  
  119  8:37  Supply Depot  
  119  8:49  Hellion x2  
  119  8:52  Liberator  
  123  8:56  Liberator  
  123  8:57  Armory  
  123  9:01  SCV x2  
  125  9:04  Supply Depot  
  125  9:07  Supply Depot  
  128  9:16  SCV  
  132  9:23  Refinery  
  132  9:25  Refinery, Missile Turret  
  132  9:26  Planetary Fortress, Missile Turret  
  132  9:28  SCV  
  133  9:32  Hellion  
  133  9:33  Hellion  
  133  9:35  Liberator  
  137  9:38  Starport  
  137  9:39  SCV  
  138  9:46  Supply Depot x2  
  138  9:49  Terran Ship Weapons Level 1, Terran Vehicle And Ship Armor Level 1  
  138  9:52  Command Center  
  141  9:58  Liberator, Hellion x2  
  141  9:59  Hellion x2  
  141  10:18  Barracks Reactor  
  141  10:19  Starport Tech Lab, Starport  
  141  10:20  Siege Tank, Hellion, Starport  
  149  10:25  Hellion x2  
  153  10:29  SCV  
  153  10:30  Missile Turret  
  152  10:35  Liberator  
  152  10:36  Liberator  
  152  10:39  Terran Vehicle Weapons Level 2, Command Center  
  152  10:42  Hellion  
  154  10:46  Siege Tank  
  157  10:50  SCV  
  157  10:52  Siege Tank, Hellion  
  169  10:58  Fusion Core  
  169  10:59  Supply Depot  
  169  11:00  Supply Depot  
  169  11:02  SCV  
  170  11:12  Hellion  
  172  11:20  Starport Reactor  
  172  11:21  Hellion  
  172  11:22  Viking x3  
  180  11:27  Liberator, Infernal Pre-Igniter  
  172  11:35  Viking  
  157  11:48  Liberator  
  157  11:52  Viking x2  
  155  11:55  Orbital Command  
  155  11:58  Viking  
  155  11:59  Viking x2  
  161  12:05  Hellion  
  162  12:16  Thor  
  161  12:26  Viking  
  137  12:39  Viking x2  
  137  12:43  Siege Tank  
  116  12:50  Orbital Command  
  91  13:00  Siege Tank, Hellion x2  
  89  13:05  Missile Turret  
  89  13:12  Viking  
  87  13:21  Viking  
  87  13:22  Viking  
  87  13:24  Hellion  
  81  13:29  Hellion  
  81  13:30  Hellion  
  70  13:39  Viking x2  
  63  13:48  Viking x2  
  60  13:54  Viking  
  55  14:08  Missile Turret  
Show
View Real Time Build Order
Export as new Build Order

Snute Zerg - Winner!

Build Orders: Hatch First 

Get SALT Encoding   

  12  0:00  Drone  
  13  0:12  Overlord  
  13  0:17  Drone  
  14  0:30  Drone x2  
  14  0:34  Drone  
  17  0:52  Hatchery  
  17  0:55  Drone  
  17  0:58  Drone  
  17  1:00  Extractor  
  17  1:14  Spawning Pool  
  17  1:17  Drone  
  17  1:20  Drone  
  18  1:28  Drone  
  19  1:38  Overlord  
  19  1:50  Drone  
  20  2:00  Drone  
  20  2:01  Queen  
  21  2:04  Metabolic Boost  
  21  2:05  Drone  
  24  2:09  Queen  
  24  2:13  Zergling x2  
  27  2:16  Drone  
  27  2:21  Drone  
  29  2:29  Drone  
  30  2:32  Drone  
  31  2:37  Zergling x2  
  31  2:39  Queen  
  31  2:42  Overlord  
  34  2:48  Zergling x2  
  35  2:53  Drone  
  36  2:58  Hatchery  
  36  3:00  Drone  
  36  3:04  Drone  
  37  3:09  Drone x3  
  37  3:10  Drone  
  41  3:17  Overlord  
  41  3:18  Drone x2  
  43  3:24  Drone  
  44  3:30  Overlord  
  44  3:39  Drone x3  
  44  3:42  Drone  
  44  3:44  Extractor  
  44  3:45  Baneling Nest  
  44  3:48  Queen x2  
  47  3:49  Drone  
  47  3:51  Drone  
  47  3:52  Drone  
  50  3:57  Drone x3  
  50  3:59  Drone  
  54  4:03  Overlord  
  54  4:11  Drone x2  
  54  4:14  Drone  
  57  4:18  Zergling x2  
  57  4:23  Zergling x6  
  61  4:24  Drone x2  
  61  4:25  Drone x2  
  61  4:29  Drone  
  66  4:35  Overlord  
  66  4:38  Evolution Chamber  
  66  4:40  Evolution Chamber, Queen, Overlord  
  66  4:48  Overlord  
  66  4:54  Zergling x16  
  66  4:57  Overlord  
  74  5:02  Drone x4  
  74  5:06  Zerg Melee Weapons Level 1, Zerg Ground Armor Level 1  
  78  5:09  Drone x2  
  80  5:14  Drone x3  
  83  5:22  Drone x3  
  83  5:23  Drone  
  83  5:24  Drone  
  83  5:28  Drone x3  
  90  5:29  Drone  
  90  5:31  Lair  
  90  5:32  Extractor  
  91  5:35  Drone x2  
  91  5:36  Drone x2  
  91  5:38  Hatchery  
  91  5:41  Extractor  
  93  5:42  Extractor  
  93  5:43  Extractor  
  93  5:45  Spore Crawler  
  93  5:49  Drone  
  88  5:50  Drone  
  88  5:55  Spore Crawler  
  86  6:00  Zergling x2  
  86  6:01  Zergling x8  
  86  6:02  Overlord  
  86  6:03  Overlord  
  91  6:21  Drone x3  
  94  6:29  Zergling x14  
  98  6:33  Spore Crawler  
  98  6:36  Spore Crawler  
  98  6:38  Zergling x4  
  90  6:46  Queen x3  
  88  6:50  Infestation Pit  
  85  6:55  Spire  
  85  7:00  Drone x5  
  85  7:04  Drone  
  85  7:06  Drone  
  79  7:12  Drone  
  79  7:14  Drone  
  81  7:16  Drone  
  81  7:18  Drone  
  81  7:22  Drone x2  
  85  7:24  Drone  
  85  7:29  Hive  
  86  7:32  Drone x2  
  86  7:33  Drone  
  89  7:39  Drone x3  
  89  7:40  Drone  
  89  7:43  Drone x3  
  95  7:47  Drone x3  
  95  7:50  Drone  
  95  7:51  Drone x3  
  97  7:55  Drone  
  97  7:56  Drone  
  97  7:57  Drone  
  97  7:58  Drone  
  98  8:03  Drone x3  
  100  8:11  Extractor  
  97  8:13  Extractor  
  97  8:17  Zergling x2  
  97  8:18  Zergling x14  
  104  8:23  Overlord x2  
  104  8:24  Overlord x2  
  104  8:26  Centrifical Hooks  
  104  8:38  Spore Crawler  
  103  8:41  Queen x2  
  103  8:42  Greater Spire  
  103  8:44  Corruptor x5  
  117  8:49  Viper x2  
  117  8:50  Viper  
  117  8:54  Corruptor  
  128  8:58  Corruptor  
  128  8:59  Corruptor  
  132  9:12  Viper  
  132  9:13  Hatchery  
  132  9:16  Overlord x4  
  133  9:34  Viper x2, Zerg Melee Weapons Level 2  
  133  9:35  Viper  
  142  9:45  Corruptor x3  
  146  9:47  Spore Crawler  
  146  9:48  Drone x8  
  146  9:49  Spore Crawler  
  154  9:52  Drone  
  154  9:53  Drone x5  
  157  10:00  Overlord x2, Zerg Flyer Armor Level 1  
  155  10:09  Brood Lord x2  
  159  10:14  Zergling x2  
  158  10:30  Overlord x3  
  158  10:35  Brood Lord x4  
  166  10:36  Queen x4  
  166  10:39  Zergling x2  
  166  10:40  Zergling x14  
  182  10:52  Corruptor x2  
  186  11:07  Corruptor x4  
  194  11:12  Pneumatized Carapace  
  190  11:45  Corruptor x4  
  184  11:49  Drone x6  
  184  11:50  Drone x5  
  184  11:53  Adrenal Glands  
  190  11:55  Zerg Melee Weapons Level 3  
  190  12:00  Zerg Flyer Armor Level 2  
  190  12:01  Drone x3  
  193  12:02  Drone x3  
  193  12:03  Corruptor  
  193  12:06  Extractor  
  193  12:07  Extractor  
  192  12:18  Zergling x8  
  192  12:19  Zergling x8  
  189  12:40  Corruptor x8  
  192  12:46  Zergling x16  
  195  12:59  Zergling x10  
  191  13:13  Zergling x2  
  191  13:14  Zergling x14  
  190  13:20  Zergling x4  
  190  13:21  Zergling x6  
  190  13:25  Ultralisk Cavern  
  178  13:28  Corruptor x5  
  172  13:46  Zergling x6  
  172  13:47  Zergling x10  
  169  13:56  Zergling x2  
  169  13:57  Zergling x4  
  197  14:27  Extractor  
Tags
 
Add a new tag
Caveats
  • Supply blocks, unpowered buildings, or Contaminate may cause inaccurate times.
  • Supply counts are checked every 10 seconds.